 Dungeon Crawl Stone Soup version 0.25.1-2-g60ff931df9 (webtiles) character file.

Game seed: 8287838534208934784

84 Exodus22XD the Slasher (level 4, -3/52 HPs)
             Began as a Human Berserker on Oct 17, 2020.
             Was a Believer of Trog.
             Slain by an ice beast (11 damage)
             ... on level 3 of the Dungeon.
             The game lasted 00:01:41 (1878 turns).

Exodus22XD the Slasher (Human Berserker)            Turns: 1878, Time: 00:01:42

Health: -3/52      AC:  5    Str: 18    XL:     4   Next: 72%
Magic:  4/4        EV: 16    Int:  7    God:    Trog [**....]
Gold:   44         SH:  0    Dex: 13    Spells: 3/3 levels left

rFire    . . .     SeeInvis .   a - +0 falchion
rCold    . . .     Gourm    .   (no shield)
rNeg     . . .     Faith    .   e - +0 ring mail
rPois    .         Spirit   .   (no helmet)
rElec    .         Reflect  .   (no cloak)
rCorr    .         Harm     .   (no gloves)
MR       .....                  (no boots)
Stlth    ..........             (no amulet)
HPRegen  0.17/turn              f - +4 ring of evasion
MPRegen  0.09/turn              (no ring)

@: berserking, very quick
A: no striking features
a: Berserk, Trog's Hand, Renounce Religion


You were on level 3 of the Dungeon.
You worshipped Trog.
Trog was pleased with you.
You were very hungry.

You visited 1 branch of the dungeon, and saw 3 of its levels.

You collected 44 gold pieces.

Inventory:

Hand Weapons
 a - a +0 falchion (weapon)
 s - a +1 dagger of holy wrath
Armour
 b - a +0 animal skin
 e - a +0 ring mail (worn)
 g - a +0 plate armour
Jewellery
 f - a +4 ring of evasion (left hand)
 r - an uncursed ring of see invisible {unknown}
Scrolls
 d - 3 scrolls of identify {unknown}
 i - a scroll of remove curse {unknown}
 l - a scroll of noise {unknown}
 o - a scroll of immolation {unknown}
Potions
 h - a potion of might {unknown}
 j - 2 potions of cancellation {unknown}
 k - a potion of stabbing {unknown}
 m - a potion of ambrosia {unknown}
 n - a potion of flight {unknown}
 q - 2 potions of degeneration {unknown}
Comestibles
 c - 7 rations
 p - 2 chunks of flesh


   Skills:
 + Level 3.4 Fighting
 + Level 4.1 Long Blades
 + Level 2.4 Armour
 + Level 2.6 Dodging


You had 3 spell levels left.
You didn't know any spells.
Your spell library was empty.

Dungeon Overview and Level Annotations

Branches:
Dungeon (3/15)

Altars:
Qazlal


Message History

You slash the ice beast!
The ice beast is moderately wounded.
The ice beast hits you. The ice beast freezes you!
You are too injured to fight recklessly!
Unknown command.
You are too injured to fight recklessly!
A red film seems to cover your vision as you go berserk!
You feel yourself moving faster!
You feel mighty!
You are feeling very hungry.
The ice beast hits you but does no damage.
You barely miss the ice beast.
The ice beast is moderately wounded.
The ice beast hits you. The ice beast freezes you!
* * * LOW HITPOINT WARNING * * *
You hit the ice beast.
The ice beast is heavily wounded.
The ice beast hits you.
* * * LOW HITPOINT WARNING * * *
The ice beast freezes you!
You die...

##........ ##.....###
[...#......
##........###.# #......
#.......#=....####......
.........#.....#........
.....[.....##...........
...<...........###......
..........).....##......
..%...Y@...$.........##.
................##..###.
.................^.≈....
.............^^^.^.^#≈#≈
.............^..^..^^#..
.)............###...#(#≈
#......?.....≈.^....≈^≈.
##.....#.........._(....
######≈(..^(≈≈.^.


You could see an ice beast.

Vanquished Creatures
  2 adders (D:3)
  2 worms (D:3)
  2 dart slugs (D:1)
  A leopard gecko (D:1)
  6 orcs (D:3)
  5 hobgoblins
  10 jackals (D:1)
  3 kobolds (D:1)
  3 bats
  A frilled lizard (D:1)
  5 goblins (D:1)
  8 rats
48 creatures vanquished.

Notes
Turn   | Place    | Note
-------+----------+-------------------------------------------
     0 | D:1      | Exodus22XD the Human Berserker began the quest for the Orb.
     0 | D:1      | Reached XP level 1. HP: 18/18 MP: 1/1
   125 | D:1      | Reached XP level 2. HP: 24/24 MP: 2/2
   528 | D:1      | Reached XP level 3. HP: 29/29 MP: 3/3
   634 | D:1      | Reached ** piety under Trog
  1487 | D:3      | Reached XP level 4. HP: 30/35 MP: 4/4
  1559 | D:3      | Reached skill level 4 in Long Blades
  1845 | D:3      | Found a stormy altar of Qazlal.
  1868 | D:3      | Noticed an ice beast
  1878 | D:3      | Slain by an ice beast

Illustrated notes

Levels and vault maps discovered:
D:1:      heliophobic_arrival_dark_side_of_the_moon, layout_basic,
          interstate_on_off
D:2:      layout_basic, chequers_temple_overflow_statue_of_worship,
          fedhas_altar_2
D:3:      layout_rooms, grunt_qazlal_sundering

Skill      XL: |  1  2  3  4 |
---------------+-------------+-----
Long Blades    | 4 |  4.1
Fighting       | |  3.4
Armour         | |  2.4
Dodging        | |  2.6

Action                   |  1- 3 |  4- 6 || total
-------------------------+-------+-------++-------
Melee: Falchion          |   121 |    44 ||   165
Invok: Berserk           |       |     2 ||     2
  Eat: Chunk             |     1 |     3 ||     4
Armor: Animal skin       |     5 |       ||     5
       Ring mail         |    20 |    14 ||    34
Dodge: Dodged            |   100 |    34 ||   134
       Rpst.: Falchion   |    37 |     7 ||    44
